 Dungeon Crawl Stone Soup version 0.31.0-4-g52a2dc7128 (webtiles) character file.

Game seed: 8753261255362182675

3481 Gobbopathe the Changeling (level 10, -2/72 HPs)
             Began as an Octopode Shapeshifter on Jan 21, 2024.
             Killed from afar by an acid dragon (17 damage)
             ... with a splash of acid
             ... on level 7 of the Dungeon.
             The game lasted 00:23:39 (7462 turns).

Gobbopathe the Changeling (Octopode Shapeshifter)   Turns: 7462, Time: 00:23:40

Health: -2/72      AC: -3    Str: 18    XL:     10   Next: 7%
Magic:  0/10       EV: 15    Int: 12    God:
Gold:   295        SH:  0    Dex: 12    Spells: 7/9 levels left

rFire   . .          .
                       - Unarmed
rCold   + . .        (no shield)
rNeg    . . .        (helmet currently unavailable)
rPois   +            t - amulet of guardian spirit
rElec   .            o - ring of wizardry
rCorr   .            E - ring of protection from cold
SInv    .            u - ring of poison resistance
Will    +....        y - ring of willpower
Stlth   ++++         (no ring)
HPRegen 0.32/turn    (no ring)
MPRegen 0.12/turn    (no ring)
                     (no ring)

%: guardian spirit, wizardry (x1)
@: beast-form, corroded
A: beast (slay +4), almost no armour, amphibious, 8 rings, camouflage 1,
gelatinous body 1, (nimble swimmer 1), tentacles
a: Begin Untransformation


You were on level 7 of the Dungeon.
You were a hulking beast.
You visited 2 branches of the dungeon, and saw 9 of its levels.
You also visited: Ossuary.

You collected 415 gold pieces.
You spent 120 gold pieces at shops.

Inventory:

Hand Weapons
 b - a +0 shortbow
 H - a +0 sling
Missiles
 d - 15 poisoned darts (quivered)
 j - 73 stones
 r - 4 silver javelins
 C - 6 javelins
 J - a throwing net
 O - 2 curare-tipped darts
Jewellery
 o - a ring of wizardry (left tentacle)
 t - an amulet of guardian spirit (around mantle)
 u - a ring of poison resistance (on tentacle)
 y - a ring of willpower (on tentacle)
 E - a ring of protection from cold (right tentacle)
Talismans
 c - a flux talisman
 n - a beast talisman
Wands
 A - a wand of light (21)
 K - a wand of flame (16)
 P - a wand of polymorph (4)
Scrolls
 f - 2 scrolls of brand weapon
 i - 2 scrolls of poison
 k - a scroll of enchant weapon {unknown}
 m - 3 scrolls of amnesia
 p - 2 scrolls of fear
 x - 2 scrolls of fog
 B - a scroll of vulnerability {unknown}
 D - 2 scrolls of butterflies {unknown}
 F - a scroll of blinking {unknown}
 G - 4 scrolls of noise {unknown}
 I - a scroll of revelation {unknown}
 M - a scroll of immolation {unknown}
 N - a scroll of teleportation {unknown}
Potions
 a - a potion of lignification
 e - a potion of berserk rage
 g - a potion of invisibility {unknown}
 h - 2 potions of haste
 l - 4 potions of brilliance
 q - 4 potions of curing
 s - a potion of enlightenment {unknown}
 v - 2 potions of magic
 w - a potion of heal wounds
 z - 2 potions of mutation
 L - a potion of resistance {unknown}
 Q - a potion of cancellation {unknown}


   Skills:
 * Level 7.7 Fighting
 + Level 5.8 Dodging
 - Level 5.0 Stealth
 + Level 6.1 Unarmed Combat
 - Level 2.0 Translocations
 * Level 7.7 Shapeshifting


You had 7 spell levels left.
You knew the following spells:

 Your Spells              Type           Power      Damage    Failure   Level
a - Blink                 Tloc           8%         N/A       9%          2

Your spell library contained the following spells:

 Spells                   Type           Power      Damage    Failure   Level
 Lesser Beckoning         Tloc           8%         N/A       9%          2
 Shock                    Conj/Air       0%         1d3       13%         1
 Momentum Strike          Conj/Tloc      4%         3d8       13%         2
 Gell's Gravitas          Tloc           4%         N/A       17%         3
 Teleport Other           Tloc           4%         N/A       17%         3
 Call Imp                 Summ           0%         N/A       21%         2
 Sublimation of Blood     Necr           0%         N/A       21%         2
 Swiftness                Air            0%         N/A       36%         3
 Airstrike                Air            0%         2d(0-16)  75%         4
 Summon Hydra             Summ           0%         N/A       100%        7


Dungeon Overview and Level Annotations

Branches:
Dungeon (8/15) Zot: 26516  Temple (1/1) D:5 Zot: 5994 Ossuary (visited)
   Lair: D:8-11

Altars:
Cheibriados
Dithmenos
Fedhas
Gozag
Hepliaklqana
Kikubaaqudgha
Nemelex Xobeh
Okawaru
Qazlal
Ru
Sif Muna
Trog
Uskayaw
Xom
Yredelemnul
Zin
The Shining One

Shops:
D:1 ?   D:4 [*:   D:5 (

Annotations:
D:6 Maggie
D:7 exclusion: vampire mosquito
D:8 Psyche


Innate Abilities, Weirdness & Mutations

You are a hulking beast.
Your limbs bulge with bestial killing power. (Slay +4)
You cannot wear most types of armour.
You are amphibious.
You can wear up to eight rings at the same time.
Your skin changes colour to match your surroundings (Stealth+).
Your rubbery body absorbs attacks. (AC +1, EV +1)
((You are camouflaged when in or above water. (Stealth+)))
You have tentacles for arms and can constrict up to eight enemies at once.


Message History

There is a stone staircase leading up here.
You bludgeon the acid dragon! Your squeeze misses the acid dragon.
The acid dragon is moderately wounded.
The acid dragon bites you! The acid dragon barely misses you.
You bludgeon the acid dragon! You squeeze the acid dragon.
The acid dragon is severely wounded.
The acid dragon misses you. The acid dragon claws you.
You closely miss the acid dragon. You squeeze the acid dragon.
The acid dragon is almost dead.
The acid dragon closely misses you. The acid dragon barely misses you.
You tentacle-slap the acid dragon but do no damage.
The acid dragon is almost dead.
The acid dragon spits acid at you. The splash of acid hits you!!
The acid corrodes you!
The orc warrior hits you from afar with a +0 trident!
You hear a shout!
The acid dragon barely misses you. The acid dragon closely misses you.
The orc warrior hits you from afar with a +0 trident!
* * * LOW HITPOINT WARNING * * *
You climb upwards.
Level annotation: exclusion: vampire mosquito
There is a stone staircase leading down here.
You tentacle-slap the acid dragon but do no damage.
The acid dragon is almost dead.
You closely miss the acid dragon. Your squeeze misses the acid dragon.
The acid dragon is almost dead.
The acid dragon barely misses you. The acid dragon closely misses you.
You tentacle-slap the acid dragon but do no damage.
The acid dragon is almost dead.
The acid dragon closely misses you. The acid dragon claws you.
* * * LOW HITPOINT WARNING * * *
You barely miss the acid dragon.
The acid dragon is almost dead.
The acid dragon completely misses you. The acid dragon claws you.
* * * LOW HITPOINT WARNING * * *
You barely miss the acid dragon.
The acid dragon is almost dead.
The acid dragon spits acid at you. The splash of acid hits you!!
You die...

.#.#.#........#.####.#
.#'#'#..###..........#
........##.......#####
#.#.##..##.#...#.#
..#.##...........#
###.###.##.......#
.............##..#
....###.########D#
....##.<# #h#
....##.## ### .......#
...###.# ...# #.#
'#####'####
.###......#
.#.'......#
.#.#......#


You could see an acid dragon (catching breath).

Vanquished Creatures
  A shadow (D:7)
  2 water moccasins (D:6)
  An orc warrior (D:6)
  3 black bears
  2 sky beasts
  4 ogres
  A wolf (D:8)
  A centaur (D:5)
  2 kobold brigands
  2 phantoms
  4 scorpions
  6 killer bees (D:7)
  2 bombardier beetles (D:4)
  2 jellies (D:5)
  A human zombie (Ossuary)
  4 hounds
  3 orc priests
  Crazy Yiuf (D:5)
  6 scorpion zombies
  3 iguanas
  2 sleepcaps
  7 orc wizards
  A killer bee zombie (D:7)
  3 mummies (Ossuary)
  3 howler monkey skeletons (D:7)
  4 gnolls (D:5)
  13 adders
  4 white imps
  2 ufetubi (D:5)
  3 adder zombies (Ossuary)
  4 dart slugs
  3 ribbon worms
  17 orcs
  7 bats
  8 endoplasms
  6 giant cockroaches
  3 gnoll zombies (Ossuary)
  7 hobgoblins
  6 jackals
  5 quokkas
  3 training dummies (D:5)
  9 ball pythons
  2 frilled lizards
  8 goblins
  4 jackal zombies (Ossuary)
  16 kobolds
  2 kobold zombies (Ossuary)
  7 rats
210 creatures vanquished.

Notes
Turn   | Place    | Note
-------+----------+-------------------------------------------
     0 | D:1      | Gobbopathe the Octopode Shapeshifter began the quest for
                  | the Orb.
     0 | D:1      | Reached XP level 1. HP: 13/13 MP: 1/1
   158 | D:1      | Reached XP level 2. HP: 18/18 MP: 2/2
   282 | D:1      | Reached skill level 1 in Stealth
   331 | D:1      | Found Gioschobb's Magic Scroll Shop.
   344 | D:1      | Bought a scroll of identify for 20 gold pieces
   376 | D:1      | Reached XP level 3. HP: 18/23 MP: 3/3
   657 | D:2      | Learned a level 2 spell: Blink
   760 | D:2      | Reached XP level 4. HP: 20/29 MP: 4/4
  1494 | D:3      | Found a faded altar of an unknown god.
  1551 | D:3      | Reached XP level 5. HP: 34/35 MP: 5/5
  1746 | D:3      | Reached skill level 1 in Translocations
  2146 | D:4      | Identified the +5 long sword "Beetleslayer" {heavy, rPois}
  2303 | D:4      | Found Hisa Ola's General Store.
  2321 | D:4      | Noticed an animated pearl dragon scales
  2323 | D:4      | Found Kerojoj's Armour Shoppe.
  2325 | D:4      | Noticed an animated gold dragon scales
  2384 | D:4      | Noticed an ogre
  2392 | D:4      | Killed an ogre
  2393 | D:4      | Reached XP level 6. HP: 34/42 MP: 4/6
  2589 | D:4      | Found Kesycvar's Book Boutique.
  2901 | D:1      | Bought a scroll of fear for 40 gold pieces
  2901 | D:1      | Bought a scroll of fog for 40 gold pieces
  2901 | D:1      | Bought a scroll of identify for 20 gold pieces
  2970 | D:5      | Entered Level 5 of the Dungeon
  2970 | D:5      | Noticed a black bear
  3031 | D:5      | Reached XP level 7. HP: 41/46 MP: 7/7
  3167 | D:5      | Found a runed translucent door.
  3168 | D:5      | Noticed Crazy Yiuf
  3180 | D:5      | Killed Crazy Yiuf
  3386 | D:5      | Found an iron altar of Okawaru.
  3388 | D:5      | Found a hide-covered altar of Uskayaw.
  3389 | D:5      | Found a shimmering blue altar of Sif Muna.
  3389 | D:5      | Found a shimmering altar of Xom.
  3602 | D:5      | Found Lakobba's Firing Range.
  3669 | D:5      | Found a staircase to the Ecumenical Temple.
  3674 | Temple   | Entered the Ecumenical Temple
  3764 | D:5      | Reached skill level 5 in Shapeshifting
  3764 | D:5      | Reached XP level 8. HP: 39/54 MP: 4/8
  4271 | D:6      | Reached skill level 5 in Fighting
  4271 | D:6      | Reached skill level 5 in Stealth
  4509 | D:6      | Noticed Maggie
  4824 | D:6      | Reached skill level 5 in Unarmed Combat
  4824 | D:6      | Reached XP level 9. HP: 49/62 MP: 7/9
  5242 | D:6      | Found a sparkling altar of Nemelex Xobeh.
  5474 | D:7      | Reached skill level 5 in Dodging
  5505 | D:7      | Found a sand-covered staircase.
  5648 | Ossuary  | Entered an ossuary
  6039 | D:7      | Found a sacrificial altar of Ru.
  6733 | D:7      | Reached XP level 10. HP: 25/71 MP: 4/10
  7076 | D:8      | Noticed Psyche
  7462 | D:7      | Killed from afar by an acid dragon

Illustrated notes

Levels and vault maps discovered:
D:1:      lemuel_arrival_funnel, layout_basic, serial_shops, shop
D:2:      kennysheep_big_flooded_room, layout_basic
D:3:      layout_loops_ring, ebering_ecumenical_altar_rust
D:4:      layout_loops_ring, serial_shops, nicolae_shop_mannequins,
          nicolae_shop_peninsula, nicolae_shop_behind_doors, dk_vineyard_3
D:5:      layout_loops_ring, chequers_temple_overflow_statue_of_worship,
          minmay_temple_entry_proselytizer, nicolae_shop_firing_range,
          uniq_crazy_yiuf_cottage
D:6:      layout_loops_corners, hangedman_feature_mirror, kennysheep_dice,
          uniq_maggie
D:7:      layout_basic, nicolae_ru_great_annihilating_truth,
          mainiacjoe_ossuary_entry_find_the_door, moated_statue
D:8:      layout_basic, amcnicky_altar_gilded, erik_lair_orcish_takeover,
          uniq_psyche
Temple:   minmay_temple_bridge_abc

Skill      XL: |  1  2  3  4  5  6  7  8  9 |
---------------+----------------------------+-----
Stealth        | 1 2 3 4 5 |  5.0
Fighting       | 2 3 4 5 7 |  7.7
Translocations | 1 2 |  2.0
Dodging        | 3 4 5 |  5.8
Shapeshifting  | 4 5 6 7 |  7.7
Unarmed Combat | 4 5 6 |  6.1

Action                     |  1- 3 |  4- 6 |  7- 9 | 10-12 || total
---------------------------+-------+-------+-------+-------++-------
  Melee: Unarmed           |    77 |   123 |   293 |    32 ||   525
         Constrict         |    20 |    33 |    67 |     7 ||   127
         Tentacles         |    12 |    20 |    69 |     5 ||   106
         Punch             |     1 |     3 |    11 |       ||    15
  Throw: Dart              |       |     3 |    38 |     4 ||    45
         Javelin           |       |       |     7 |       ||     7
    Use: Scroll            |       |     4 |     7 |     1 ||    12
         Potion            |       |       |     1 |     1 ||     2
   Stab: Sleeping          |     6 |    11 |    13 |     1 ||    31
         Paralysed         |       |       |     1 |       ||     1
 Armour: Skin              |    26 |    33 |   177 |    25 ||   261
  Dodge: Dodged            |    49 |    70 |   156 |    30 ||   305
